 Dungeon Crawl Stone Soup version 0.31.0-12-g77e489cdc1 (webtiles) character file.

Game seed: 2102261634519099003

11 Gadfly the Scratcher (level 2, 14/14 HPs)
             Began as a Felid Shapeshifter on Feb 23, 2024.
             Quit the game on level 1 of the Dungeon.
             The game lasted 00:00:44 (244 turns).

Gadfly the Scratcher (Felid Shapeshifter)            Turns: 244, Time: 00:00:45

Health: 14/14      AC:  1    Str: 10    XL:     2   Next: 13%
Magic:  3/3        EV: 17    Int: 13    God:
Gold:   15         SH:  0    Dex: 15    Spells: 1/1 levels left
                                        Lives:  0   Deaths: 1

rFire   . .          .
                       - Unarmed
rCold   . . .        (shield unavailable)
rNeg    . . .        (body armour unavailable)
rPois   .            (helmet unavailable)
rElec   .            (cloak unavailable)
rCorr   .            (gloves unavailable)
SInv    +            (boots unavailable)
Will    .....        (no amulet)
Stlth   +            (no ring)
HPRegen 0.22/turn    (no ring)
MPRegen 0.08/turn

%: no passive effects
@: beast-form
A: beast (slay +1), very small, claws 1, fangs 3, see invisible, shaggy fur 1,
stealthy paws, no weapons or thrown items, no armour, multi-lived
a: Begin Untransformation


You were on level 1 of the Dungeon.
You were a hulking beast.
You visited 1 branch of the dungeon, and saw 1 of its levels.

You collected 15 gold pieces.

Inventory:

Talismans
 b - a beast talisman (active)
 c - a flux talisman
Scrolls
 d - a scroll of identify {unknown}
 e - a scroll of enchant armour {unknown}
Potions
 a - a potion of lignification


   Skills:
 + Level 1.3 Fighting
 + Level 3.0 Dodging
 + Level 3.1 Unarmed Combat
 + Level 0.6 Evocations
 + Level 2.8 Shapeshifting


You had one spell level left.
You didn't know any spells.
Your spell library was empty.

Dungeon Overview and Level Annotations

Branches:
Dungeon (1/15)

Altars:


Innate Abilities, Weirdness & Mutations

You are a hulking beast.
Your limbs bulge with bestial killing power. (Slay +1)
You have sharp claws.
You have razor-sharp teeth.
You have supernaturally acute eyesight. (SInv)
You are covered in fur. (AC +1)
Your paws help you pounce on unaware monsters.
You are incapable of wielding weapons or throwing items.
You cannot wear armour.
You gain extra lives every three experience levels.


Message History

Found a leather armour.
There is an open door here.
Found 6 boomerangs.
You see here 6 boomerangs.
A gnoll comes into view. It is wielding a +0 whip.
The gnoll shouts!
You hear a shout!
You claw the gnoll! Your bite misses the gnoll.
The gnoll is severely wounded.
The gnoll barely misses you.
You scratch the gnoll.
You kill the gnoll!
Your Dodging skill increases to level 3!
You have reached level 2!
Things that are here:
a +0 whip; a gnoll corpse A gnoll comes into view.
It is wielding a +0 spear.
A gnoll is nearby!
A gnoll is nearby!
The gnoll barely misses you. The gnoll closely misses you.
You closely miss the gnoll. You claw the gnoll, but do no damage.
Your bite misses the gnoll. The gnoll hits you with a +0 spear.
You scratch the gnoll but do no damage. The gnoll hits you with a +0 spear!
Ouch! That really hurt!
* * * LOW HITPOINT WARNING * * *
You are too injured to fight recklessly!
You are too injured to fight recklessly!
You are too injured to fight recklessly!
You are too injured to fight recklessly!
The gnoll completely misses you. The gnoll attacks as it pursues you!
The gnoll hits you from afar with a +0 spear.
* * * LOW HITPOINT WARNING * * *
The gnoll attacks as it pursues you! The gnoll completely misses you.
The gnoll attacks as it pursues you!
The gnoll hits you from afar with a +0 spear.
You die...
Your shape twists and changes as you die.
You rejoin the land of the living...
Are you sure you want to abandon this character and quit the game? (Confirm with "yes".)

### ##### #######.# #.#.#
#.......####.#.#
##.####.#......# ##.##
#.#....#.#
#.).###.######.######## ##
###.#.......h.......#.######.
#.#.#.######......#......+.
#.#.#.# ######..†....####.
#.#.#.# ... +............
#.#.#.# ..# #.......#####
#.#.#.# #.# #.......# #
#.#.#.###.# ######### #
#.#.......## #######
#.#........# #....##


There were no monsters in sight!

Vanquished Creatures
  A gnoll (D:1)
  A quokka (D:1)
2 creatures vanquished.

Notes
Turn   | Place    | Note
-------+----------+-------------------------------------------
     0 | D:1      | Gadfly the Felid Shapeshifter began the quest for the Orb.
     0 | D:1      | Reached XP level 1. HP: 10/10 MP: 2/2
   231 | D:1      | Reached XP level 2. HP: 14/14 MP: 3/3
   243 | D:1      | Slain by a gnoll
   243 | D:1      | Lost a life (0 lives remaining)
   244 | D:1      | Quit the game

Illustrated notes

Levels and vault maps discovered:
D:1:      amcnicky_arrival_choice, layout_basic,
          shapermc_ecumenical_altar_mp_ritualfount

Skill      XL: |  1 |
---------------+----+-----
Dodging        | 3 |  3.0
Fighting       | |  1.3
Unarmed Combat | |  3.1
Evocations     | |  0.6
Shapeshifting  | |  2.8

Action                     || total
---------------------------++-------
  Melee: Unarmed           ||     7
         Bite              ||     1
         Punch             ||     1
Ability: Begin Untransform ||     1
 Armour: Skin              ||     6
  Dodge: Dodged            ||     6
   Form: Beast             ||     2
